 Dungeon Crawl Stone Soup version 0.30.0-29-ga12c61a403 (webtiles) character file.

Game seed: 5013316067517890056

197 DemonSlayer the Digger (level 5, -6/38 HPs)
             Began as a Demonspawn Earth Elementalist on June 24, 2023.
             Mangled by a gnoll
             ... wielding a +0 flail
             ... led by a gnoll bouda
              (11 damage)
             ... on level 5 of the Dungeon.
             The game lasted 00:09:54 (3145 turns).

DemonSlayer the Digger (DsEE)                       Turns: 3145, Time: 00:09:55

Health: -6/38      AC:  5    Str:  8    XL:     5   Next: 46%
Magic:  5/10       EV:  6    Int: 24    God:
Gold:   129        SH:  0    Dex: 14    Spells: 5/11 levels left

rFire   + . .        t - +1 long sword "Leviticus" {flame, +Blink rPois Stlth+}
rCold   + . .        (no shield)
rNeg    . . .        a - +0 robe
rPois   +            k - +1 hat
rElec   +            (no cloak)
rCorr   +            (no gloves)
SInv    .            r - +0 pair of boots
Will    .....        (no amulet)
Stlth   +++          q - +6 ring of intelligence
HPRegen 0.26/turn    (no ring)
MPRegen 0.12/turn

%: no passive effects
@: resistant, on blink cooldown, held
A: antennae 1, rugged brown scales 1
a: Evoke Blink


You were on level 5 of the Dungeon.
You visited 1 branch of the dungeon, and saw 5 of its levels.

You collected 129 gold pieces.

Inventory:

Hand Weapons
 h - a +0 dagger
 t - the +1 long sword "Leviticus" (weapon) {flame, +Blink rPois Stlth+}
   (You found it on level 3 of the Dungeon)

   rPois:     It protects you from poison.
   +Blink:    It lets you blink.
   Stlth:     It makes you more stealthy.
Armour
 a - a +0 robe (worn)
 k - a +1 hat (worn)
 r - a +0 pair of boots (worn)
Jewellery
 q - a +6 ring of intelligence (left hand)
Scrolls
 d - 6 scrolls of identify {unknown}
 e - a scroll of vulnerability {unknown}
 g - 4 scrolls of teleportation {unknown}
 j - a scroll of poison {unknown}
 l - 2 scrolls of magic mapping {unknown}
 m - a scroll of torment
 o - a scroll of blinking {unknown}
 s - a scroll of butterflies {unknown}
 u - a scroll of fog {unknown}
Potions
 b - a potion of magic
 c - a potion of curing
 f - a potion of brilliance {unknown}
 i - a potion of resistance
 n - 2 potions of heal wounds {unknown}
 p - 2 potions of cancellation {unknown}


   Skills:
 + Level 1.0 Fighting
 + Level 0.2(0.3) Short Blades
 + Level 0.2(0.3) Long Blades
 + Level 2.1 Dodging
 + Level 2.3 Stealth
 + Level 3.5 Spellcasting
 + Level 1.1 Transmutations
 + Level 4.0 Earth Magic


You had 5 spell levels left.
You knew the following spells:

 Your Spells              Type           Power      Damage    Failure   Level
a - Sandblast             Erth           46%        2d11      1%          1
b - Stone Arrow           Conj/Erth      26%        3d8       14%         3
c - Passwall              Tmut/Erth      13%        N/A       5%          2

Your spell library contained the following spells:

 Spells                   Type           Power      Damage    Failure   Level
 Petrify                  Tmut/Erth      16%        N/A       34%         4


Dungeon Overview and Level Annotations

Branches:
Dungeon (5/15)
 Temple: D:4-7

Altars:
Wu Jian

Shops:
D:2 [


Innate Abilities, Weirdness & Mutations

You have a pair of small antennae on your head.
You are partially covered in rugged brown scales. (AC +1, +3% HP)


Message History

The gnoll bouda hits you with a +0 club.
The gnoll bouda attacks as you move away!
The gnoll bouda hits you with a +0 club.
The gnoll throws a throwing net.
The throwing net hits you.
You become entangled in the net!
A gnoll comes into view. It is wielding a +0 club.
You see here a throwing net.
You struggle against the net.
You fail to use your ability.
The gnoll is no longer moving quickly.
The gnoll barely misses you. The gnoll completely misses you.
The gnoll bouda hits you with a +0 club!
You blink.
The gnoll bouda barks out a call to the hunt!
The gnoll picks up the pace!
The gnoll shouts!
The gnoll is no longer moving quickly. x2; The gnoll throws a throwing net.
The throwing net hits you.
You become entangled in the net!
You see here a throwing net.
Okay, then.
You struggle against the net.
The gnoll barely misses you.
It was a potion of resistance.
You feel protected.
The gnoll hits you from afar with a +0 halberd.
The gnoll barely misses you.
It was a potion of curing.
You feel better. The gnoll hits you but does no damage.
The gnoll hits you from afar with a +0 halberd!
The gnoll hits you from afar with a +0 halberd.
* * * LOW HITPOINT WARNING * * *
The gnoll hits you but does no damage. The gnoll hits you with a +0 club.
* * * LOW HITPOINT WARNING * * *
The gnoll bouda barks out a call to the hunt!
The gnolls pick up the pace!
Unknown command.
As you read the scroll labelled YDIRHE NUAXTUR, it crumbles to dust.
Your body is wracked with pain!
* * * LOW HITPOINT WARNING * * *
The gnoll convulses! x5; The gnoll bouda convulses!
It was a scroll of torment.
The gnoll hits you with a +0 flail!
You die...

#...# .##...# .....#
#...' # # #...########
.##..
#..##...##.....##......
#..g..........g@.......
#..gg........ggg...##..
+g.#######...g.##..#
#...##....g# +##
#...).<....#
#..........#
#.....(....#
#...##.....#
#...##.....#


You could see a gnoll bouda and 5 gnolls.

Vanquished Creatures
  2 hounds
  5 adders
  A shadow imp (D:5)
  An ufetubus (D:4)
  6 dart slugs
  8 orcs
  5 ball pythons
  4 endoplasms
  A giant cockroach (D:2)
  3 goblins
  6 hobgoblins
  2 jackals (D:2)
  A quokka (D:2)
  7 bats
  4 kobolds
  4 rats (D:2)
60 creatures vanquished.

Notes
Turn   | Place    | Note
-------+----------+-------------------------------------------
     0 | D:1      | DemonSlayer the Demonspawn Earth Elementalist began the
                  | quest for the Orb.
     0 | D:1      | Reached XP level 1. HP: 13/13 MP: 3/3
   120 | D:1      | Reached skill level 1 in Transmutations
   211 | D:1      | Reached skill level 3 in Earth Magic
   250 | D:1      | Gained mutation: You are partially covered in rugged brown
                  | scales. (AC +1, +3% HP) [demonic ancestry]
   250 | D:1      | Reached XP level 2. HP: 12/19 MP: 3/5
   785 | D:2      | Found Plog's Armour Shop.
   854 | D:2      | Reached XP level 3. HP: 21/24 MP: 1/6
  1703 | D:2      | Gained mutation: You have a pair of small antennae on your
                  | head. [demonic ancestry]
  1703 | D:2      | Reached XP level 4. HP: 31/31 MP: 8/8
  1864 | D:2      | Learned a level 3 spell: Stone Arrow
  1867 | D:2      | Learned a level 2 spell: Passwall
  2104 | D:3      | Identified the +1 long sword "Leviticus" {flame, +Blink
                  | rPois Stlth+}
  2138 | D:3      | Found an ornate altar of the Wu Jian Council.
  2605 | D:4      | Reached XP level 5. HP: 34/37 MP: 4/9
  2688 | D:4      | Reached skill level 1 in Fighting
  2728 | D:5      | Entered Level 5 of the Dungeon
  3027 | D:5      | Reached skill level 4 in Earth Magic
  3145 | D:5      | Mangled by a gnoll

Illustrated notes

Levels and vault maps discovered:
D:1:      roderic_crop_circles_arrival_small, layout_rooms
D:2:      layout_loops_corners, serial_shops, nicolae_shop_scrapyard,
          minmay_tromino_i4
D:3:      layout_rooms, mainiacjoe_overflow_cross_hatched
D:4:      kennysheep_slugbush, layout_loops_ring, nemelex_spade_bored_becter,
          minmay_misc_feat_x, grunt_ministairs_2, nrook_mini_vaults,
          hangedman_feature_mirror, uniq_natasha
D:5:      layout_gridville

Skill      XL: |  1  2  3  4  5 |
---------------+----------------+-----
Transmutations | 1 |  1.1
Earth Magic    | 3 4 |  4.0
Dodging        | 2 |  2.1
Stealth        | 2 |  2.3
Spellcasting   | 3 |  3.5
Fighting       | 1 |  1.0
Short Blades   | |  0.2
Long Blades    | |  0.2

Action                     |  1- 3 |  4- 6 || total
---------------------------+-------+-------++-------
  Melee: Unarmed           |     5 |       ||     5
         Dagger            |    31 |     1 ||    32
         Long sword        |       |     9 ||     9
   Cast: Sandblast         |    51 |    45 ||    96
Ability: Evoke Blink       |       |     1 ||     1
    Use: Potion            |       |     2 ||     2
         Scroll            |       |     1 ||     1
   Stab: Sleeping          |     5 |     2 ||     7
 Armour: Robe              |    17 |    15 ||    32
  Dodge: Dodged            |    35 |    39 ||    74
